 Dungeon Sprint DCSS version 0.13.2 (webtiles) character file.

3300000 sanboga the Practitioner (level 15, -10/85 HPs)
             Began as a Felid Healer on Oct 30, 2017.
             Was a Believer of Elyvilon.
             Engulfed by a cloud of flame (19 damage)
             ... in the Dungeon (Sprint VIII: "Arena of Blood").
             The game lasted 00:02:01 (33 turns).

sanboga the Practitioner (Felid Healer)               Turns: 33, Time: 00:02:01

HP -10/85        AC  3     Str 10      XL: 15   Next: 29%
MP  39/39        EV 42     Int 13      God: Elyvilon [**....]
Gold 100         SH  0     Dex 21      Spells:  0 memorised, 14 levels left
Lives: 0, deaths: 4

Res.Fire  : . . .   See Invis. : +     - Unarmed
Res.Cold  : + . .   Warding    : .   (armour unavailable)
Life Prot.: . . .   Conserve   : .   (shield unavailable)
Res.Poison: .       Res.Corr.  : .   (helmet unavailable)
Res.Elec. : .       Clarity    : .   (cloak unavailable)
Sust.Abil.: . .     Spirit.Shd : .   (gloves unavailable)
Res.Mut.  : .       Prev.Telep.: +   (boots unavailable)
Res.Rott. : .       Flight     : .   (no amulet)
Saprovore : . . .                    (no ring)
                                     a - +27000,+27000 ring of slaying

@: quick, very resistant to hostile enchantments, uncannily stealthy
A: paw claws, no armour, no advanced items, fangs 3, see invisible, carnivore 3,
speed 1, slow metabolism 1, AC +3
a: Lesser Healing, Lesser Self-Healing, Divine Protection, Purification,
Renounce Religion


You were in the Dungeon.
You worshipped Elyvilon.
Elyvilon was pleased with you.
You were not hungry.

You visited 1 branch

Inventory:

Comestibles
 d - 2 meat rations
Scrolls
 h - a scroll of blinking
Jewellery
 a - a +27000,+27000 ring of slaying (left paw)
Potions
 b - 2 potions of curing
 c - 2 potions of heal wounds
 e - a potion of speed
 f - 2 potions of magic
 g - a potion of berserk rage


   Skills:
 O Level 27 Fighting
 O Level 27 Dodging
 O Level 27 Stealth
 + Level 23.4 Unarmed Combat
 O Level 27 Invocations


You had 14 spell levels left.
You didn't know any spells.

Dungeon Overview and Level Annotations

Branches:
Dungeon (1/1)

Altars:
Makhleb

Annotations:
D The Servant


Innate Abilities, Weirdness & Mutations

You cannot wear armour.
You are incapable of any advanced item manipulation.
Your paws have sharp claws.
You have razor-sharp teeth.
You have supernaturally acute eyesight.
You are carnivorous and can eat meat at any time.
You cover ground quickly.
Your thick and shaggy fur keeps you warm (AC +3, rC+).
You have a slow metabolism.


Message History

You eviscerate the large bag of meat!!!!!!!!!!!
The large bag of meat explodes!
The fiery explosion engulfs you!
Ouch! That really hurt!
* * * LOW HITPOINT WARNING * * *
Your Unarmed Combat skill gained 2 levels and is now at level 23!
Welcome back to level 15!
You are engulfed in roaring flames.
* * * LOW HITPOINT WARNING * * *
You hear a shout!
The eight-headed meat hydra calls on the powers of darkness!
The bag of meat convulses!
The meat berserker convulses!
Your body is wracked with pain!
* * * LOW HITPOINT WARNING * * *
The eight-headed meat hydra convulses!
An orc and a vampire knight come into view.
Unknown command.
A bag of meat comes into view. It is wielding a +9,+9 war axe.
You are engulfed in roaring flames.
You die...

... . ....o.. ...... ...
..o.. ....... #.....o.#
...#..o. #.......# ..
.#......###.......###o..
.............###....O...
......#o.o....._@.........
....#..o.o..#..%..#.....
###..o..O%)..#_§@§_# .
#....#oooo...#.§§§.#
.....o.#oooo...§§§.V.o
....oo.ooooo...###......
o.o.).oOCO###.......###D.
o...)oo.oOo.#.......#
o........oC.#.......#
..V#......o.C........
..#.#.#.....)........


You could see The Servant, a destroyer, an eight-headed meat hydra, a large bag
of meat (inner flame), 2 meat berserkers and 6 bags of meat.

Vanquished Creatures
  A hill giant (D)
  6 ogres (D)
  9 orcs (D)
  A vampire knight (D)
17 creatures vanquished.

Notes
Turn   | Place    | Note
--------------------------------------------------------------
     0 | D        | sanboga, the Felid Healer, began the quest for the Orb.
     0 | D        | Reached XP level 1. HP: 9/9 MP: 3/3
     3 | D        | Noticed a bag of meat
     3 | D        | Noticed a bag of meat
     3 | D        | Noticed a bag of meat
     4 | D        | Noticed a bag of meat
     4 | D        | Killed a bag of meat
     4 | D        | Reached skill level 9 in Fighting
     4 | D        | Reached skill level 12 in Dodging
     4 | D        | Reached skill level 22 in Invocations
     4 | D        | Reached XP level 2. HP: 12/14 MP: 1/11
     4 | D        | Reached XP level 3. HP: 15/18 MP: 1/17
     4 | D        | Reached XP level 4. HP: 18/22 MP: 1/21
     4 | D        | Reached XP level 5. HP: 21/26 MP: 1/23
     4 | D        | Gained mutation: You are covered in thick fur (AC +2). [growing up]
     4 | D        | Reached XP level 6. HP: 24/30 MP: 1/25
     4 | D        | Reached XP level 7. HP: 27/34 MP: 1/28
     4 | D        | Reached XP level 8. HP: 30/38 MP: 1/29
     4 | D        | Reached XP level 9. HP: 33/42 MP: 1/31
     4 | D        | Reached XP level 10. HP: 36/46 MP: 1/32
     4 | D        | Reached XP level 11. HP: 39/50 MP: 1/33
     5 | D        | Noticed a bag of meat
     5 | D        | Noticed a bag of meat
     8 | D        | Noticed a meat berserker
     9 | D        | Noticed a bag of meat
     9 | D        | Mangled by a bag of meat
    10 | D        | Reached XP level 10. HP: -6/46 MP: 1/32
    10 | D        | Noticed a bag of meat
    10 | D        | Noticed a bag of meat
    10 | D        | Noticed a bag of meat
    10 | D        | Noticed a bag of meat
    10 | D        | Noticed a bag of meat
    11 | D        | Noticed a bag of meat
    11 | D        | Noticed a bag of meat
    12 | D        | Noticed a bag of meat
    12 | D        | Noticed a meat berserker
    12 | D        | Noticed a meat berserker
    12 | D        | Killed a bag of meat
    12 | D        | Reached skill level 25 in Invocations
    12 | D        | Reached XP level 11. HP: 48/51 MP: 32/34
    12 | D        | Gained mutation: Your thick and shaggy fur keeps you warm (AC +3, rC+). [growing up]
    12 | D        | Reached XP level 12. HP: 51/55 MP: 33/36
    13 | D        | Noticed a bag of meat
    13 | D        | Noticed a bag of meat
    13 | D        | Noticed a large bag of meat
    13 | D        | Killed a meat berserker
    13 | D        | Reached skill level 15 in Dodging
    13 | D        | Reached skill level 1 in Unarmed Combat
    13 | D        | Reached skill level 27 in Invocations
    14 | D        | Noticed a bag of meat
    14 | D        | Noticed a meat berserker
    14 | D        | Killed a meat berserker
    14 | D        | Reached XP level 13. HP: 55/63 MP: 33/37
    15 | D        | Noticed a bag of meat
    15 | D        | Killed a bag of meat
    15 | D        | Reached skill level 5 in Unarmed Combat
    15 | D        | Reached XP level 14. HP: 59/69 MP: 33/38
    16 | D        | Killed a bag of meat
    17 | D        | Noticed a large bag of meat
    17 | D        | Killed a bag of meat
    17 | D        | Demolished by a bag of meat
    18 | D        | Reached XP level 13. HP: -18/66 MP: 33/37
    18 | D        | Noticed a destroyer
    18 | D        | Noticed a bag of meat
    18 | D        | Noticed a bag of meat
    18 | D        | Noticed a bag of meat
    18 | D        | Noticed a meat berserker
    18 | D        | Noticed a meat berserker
    18 | D        | Noticed a meat berserker
    18 | D        | Noticed a bag of meat
    18 | D        | Noticed a meat berserker
    18 | D        | Noticed a bag of meat
    18 | D        | Noticed a bag of meat
    18 | D        | Noticed a bag of meat
    18 | D        | Noticed a bag of meat
    18 | D        | Noticed a meat berserker
    18 | D        | Noticed a bag of meat
    18 | D        | Noticed a bag of meat
    19 | D        | Noticed a bag of meat
    19 | D        | Killed a bag of meat
    19 | D        | Reached XP level 14. HP: 70/72 MP: 38/38
    20 | D        | Noticed a bag of meat
    20 | D        | Noticed a bag of meat
    20 | D        | Noticed a bag of meat
    20 | D        | Killed a bag of meat
    20 | D        | Reached skill level 27 in Stealth
    20 | D        | Reached skill level 10 in Unarmed Combat
    21 | D        | Noticed a meat berserker
    21 | D        | Killed a meat berserker
    21 | D        | Reached XP level 15. HP: 74/79 MP: 39/39
    22 | D        | Noticed a bag of meat
    22 | D        | Noticed a meat berserker
    22 | D        | Noticed a bag of meat
    22 | D        | Killed a meat berserker
    22 | D        | Mangled by a bag of meat
    23 | D        | Reached XP level 14. HP: -7/76 MP: 38/38
    23 | D        | Noticed a bag of meat
    23 | D        | Noticed a bag of meat
    23 | D        | Noticed a bag of meat
    23 | D        | Noticed a bag of meat
    24 | D        | Noticed a bag of meat
    24 | D        | Killed a meat berserker
    25 | D        | Killed a bag of meat
    25 | D        | Reached skill level 15 in Unarmed Combat
    25 | D        | Reached XP level 15. HP: 30/82 MP: 39/39
    26 | D        | Noticed a large bag of meat
    26 | D        | Noticed a destroyer
    26 | D        | Killed a meat berserker
    26 | D        | Reached skill level 27 in Dodging
    27 | D        | Noticed a large bag of meat
    27 | D        | Killed a bag of meat
    28 | D        | Killed a destroyer
    28 | D        | Reached skill level 27 in Fighting
    28 | D        | Annihilated by a meat berserker
    29 | D        | Reached XP level 14. HP: -36/81 MP: 38/38
    29 | D        | Noticed a bag of meat
    30 | D        | Noticed a bag of meat
    32 | D        | Noticed a bag of meat
    32 | D        | Noticed a meat berserker
    32 | D        | Noticed an eight-headed meat hydra
    32 | D        | Noticed The Servant
    32 | D        | Killed a large bag of meat
    32 | D        | Reached XP level 15. HP: 25/85 MP: 39/39
    33 | D        | Noticed a bag of meat
    33 | D        | Noticed a destroyer
    33 | D        | Noticed a bag of meat
    33 | D        | Engulfed by a cloud of flame

Action                   |  1- 3 |  4- 6 |  7- 9 | 10-12 | 13-15 || total
-------------------------+-------+-------+-------+-------+-------++-------
Melee: Unarmed           |     1 |       |       |     3 |    13 ||    17
 Stab: Distracted        |       |       |       |       |     1 ||     1
